 Dungeon Crawl Stone Soup version 0.30-a0-672-gc3a7216ad8 (webtiles) character file.

Game seed: 4671090450848694772

432 lunkers the Cleaver (level 7, -2/57 HPs)
             Began as a Meteoran Fighter on Jan 18, 2023.
             Was a Follower of Okawaru.
             Slain by an orc warrior
             ... wielding a +0 battleaxe
              (9 damage)
             ... on level 6 of the Dungeon.
             The game lasted 00:04:04 (2244 turns).

lunkers the Cleaver (Meteoran Fighter)              Turns: 2244, Time: 00:04:04

Health: -2/57      AC: 11    Str: 19    XL:     7   Next: 44%
Magic:  8/8        EV:  5    Int: 10    God:    Okawaru [*.....]
Gold:   236        SH:  5    Dex: 14    Spells: 6/6 levels left

rFire   . . .      SeeInvis .    a - +0 war axe
rCold   . . .      Faith    .    c - +0 buckler
rNeg    . . .      Spirit   .    j - +0 plate armour
rPois   .          Reflect  .    (no helmet)
rElec   .          Harm     .    (no cloak)
rCorr   .          Rampage  .    (no gloves)
Will    .....                    (no boots) Stlth
                                 (no amulet)
HPRegen 0.29/turn                (no ring)
MPRegen 0.11/turn                (no ring)

@: glowing
A: sense surroundings 1, otherworldly, glowing, explore regen
a: Renounce Religion, Heroism


You were on level 6 of the Dungeon.
You worshipped Okawaru.
Okawaru was aware of your devotion.
You visited 1 branch of the dungeon, and saw 6 of its levels.

You collected 236 gold pieces.

Inventory:

Hand Weapons
 a - a +0 war axe (weapon)
Armour
 b - a +0 scale mail
 c - a +0 buckler (worn)
 j - a +0 plate armour (worn)
 q - the +4 ring mail "Cytada" {rF- rCorr Int+4 Dex-4}
   (You found it on level 4 of the Dungeon)

   Int:       It affects your intelligence (+4).
   Dex:       It affects your dexterity (-4).
   rF:        It makes you vulnerable to fire.
   rCorr:     It protects you from acid and corrosion.
Jewellery
 u - an amulet of magic regeneration
Wands
 l - a wand of iceblast (11)
Scrolls
 e - 2 scrolls of immolation
 g - 2 scrolls of fog {unknown}
 m - 3 scrolls of identify {unknown}
 n - 4 scrolls of teleportation {unknown}
 s - a scroll of fear {unknown}
Potions
 d - 3 potions of might
 f - a potion of magic {unknown}
 h - 2 potions of haste
 i - 2 potions of attraction {unknown}
 k - 2 potions of curing {unknown}
 o - a potion of heal wounds {unknown}
 p - a potion of resistance {unknown}
 r - a potion of cancellation {unknown}
 t - a potion of lignification {unknown}


   Skills:
 - Level 3.2 Fighting
 + Level 8.6 Axes
 - Level 3.6 Armour
 - Level 3.6 Shields
 + Level 0.9 Invocations


You had 6 spell levels left.
You didn't know any spells.
Your spell library contained the following spells:

 Spells                   Type           Power      Damage    Failure   Level
 Hailstorm                Conj/Ice       0%         3d3       100%        3
 Ice Form                 Ice/Tmut       0%         N/A       100%        4
 Simulacrum               Ice/Necr       Unusable   N/A       N/A         6

Dungeon Overview and Level Annotations

Branches:
Dungeon (6/15) Zot: 1299
 Temple: D:4-7

Altars:
Ashenzari
Nemelex Xobeh
Okawaru

Shops:
D:6 [


Innate Abilities, Weirdness & Mutations

You passively map a small area around you.
You are easily found by Zot.
You glow in the dark.
You regain HP and MP as you explore.


Message History

The orc attacks as you move away! You block the orc's attack.
You are no longer corroded.
The orc attacks as you move away! The orc hits you but does no damage.
The orc wizard mumbles some strange words.
The orc wizard flickers and vanishes!
Deactivating autopickup; reactivate with Ctrl-A.
The orc attacks as you move away! The orc hits you with a +0 club.
* * * LOW HITPOINT WARNING * * *
You hit the orc.
The orc is heavily wounded.
The orc barely misses you.
Okay, then.
You fail to use your ability.
You block the orc's attack.
You hit the orc but do no damage.
The orc is heavily wounded.
Aiming: Iceblast
Press: ? - help, Shift-Dir - straight line, f - orc
Aim: an orc, wielding a +0 club and wearing a +0 ring mail (heavily wounded)
The mass of ice explodes!
The iceblast engulfs something!
The iceblast engulfs the orc!
You kill the orc!
The iceblast engulfs you!
* * * LOW HITPOINT WARNING * * *
You hear a shout!
Unknown command.
Aiming: Iceblast
Press: ? - help, Shift-Dir - straight line, f - orc warrior
Aim: an orc warrior, wielding a +0 battleaxe and wearing a +0 chain mail The mass of ice explodes!
The iceblast engulfs something!
Okawaru accepts your kill.
Reactivating autopickup.
You feel a bit more experienced.
The iceblast engulfs the orc warrior.
The orc warrior is moderately wounded.
The iceblast engulfs you!
* * * LOW HITPOINT WARNING * * *
Unknown command.
You hit the orc warrior but do no damage.
The orc warrior is moderately wounded.
The orc warrior hits you with a +0 battleaxe!
You die...

,* ##.###.####.##...#
###..###.# #......# + ⌠
+.....##+####.##.#...* ,
#.....##.#..^<##.###. *
####....##.............
#+#.........#....########
, ##....######.#.####
#.....######.#.# *+
#..#)#...Wo@..#.# ,, #
*#)##########.# , , #o# ,
,#.# *#o. , * #.# *#..
*#.#* * ** #W.. , ...
...o, , * * * #.... , * ,
* ,,


You could see an orc warrior and a phantom.

Vanquished Creatures
  An ice beast (D:5)
  A necrophage (D:5)
  A hound (D:5)
  2 jellies
  An orc priest (D:5)
  An iguana (D:5)
  Ijyb (D:3)
  An orc wizard (D:6)
  An adder (D:5)
  2 white imps (D:5)
  An ufetubus (D:5)
  A worm (D:5)
  A dart slug (D:5)
  9 orcs
  2 endoplasms
  A giant cockroach (D:4)
  3 goblins
  5 hobgoblins
  3 quokkas
  3 ball pythons
  6 bats
  9 kobolds
  A rat (D:1)
57 creatures vanquished.

Notes
Turn   | Place    | Note
-------+----------+-------------------------------------------
     0 | D:1      | lunkers the Meteoran Fighter began the quest for the Orb.
     0 | D:1      | Reached XP level 1. HP: 19/19 MP: 2/2
    66 | D:1      | Reached skill level 3 in Axes
    66 | D:1      | Reached XP level 2. HP: 22/26 MP: 3/3
   126 | D:1      | Found a faded altar of an unknown god.
   486 | D:1      | Glimpsed the power of Zot.
   613 | D:2      | Reached XP level 3. HP: 31/31 MP: 4/4
   662 | D:2      | Reached skill level 4 in Axes
   697 | D:2      | Found a broken altar of Ashenzari.
   752 | D:3      | Noticed Ijyb
   769 | D:3      | Killed Ijyb
   770 | D:3      | Reached XP level 4. HP: 32/38 MP: 5/5
   870 | D:3      | Found an iron altar of Okawaru.
   916 | D:3      | Found a sparkling altar of Nemelex Xobeh.
   962 | D:3      | Reached skill level 5 in Axes
  1185 | D:3      | Became a worshipper of Warmaster Okawaru
  1574 | D:4      | Identified the +4 ring mail "Cytada" {rF- rCorr Int+4
                  | Dex-4}
  1594 | D:5      | Entered Level 5 of the Dungeon
  1669 | D:5      | Reached XP level 5. HP: 43/45 MP: 6/6
  1710 | D:5      | Reached skill level 6 in Axes
  1784 | D:5      | Noticed an ice beast
  1797 | D:5      | Killed an ice beast
  1797 | D:5      | Reached * piety under Okawaru
  1798 | D:5      | Reached skill level 7 in Axes
  1798 | D:5      | Reached XP level 6. HP: 30/51 MP: 7/7
  1859 | D:5      | Reached skill level 8 in Axes
  1859 | D:5      | Reached XP level 7. HP: 55/57 MP: 8/8
  2181 | D:6      | Found Woec's Antique Armour Boutique.
  2244 | D:6      | Slain by an orc warrior

Illustrated notes

Levels and vault maps discovered:
D:1:      evilmike_arrival_plus, layout_basic, shapermc_ecumenical_altar_venn,
          hangedman_abyss_or_decor_stabs, due_unseen_surprise
D:2:      layout_loops_ring, basic_altar
D:3:      layout_basic, amcnicky_altar_gilded,
          mainiacjoe_overflow_small_starburst, nrook_mini_backslash, uniq_ijyb
D:4:      nicolae_cairo_tiling_large, layout_gridville, tso_oasis_becter,
          uniq_duvessa
D:5:      layout_loops_corners
D:6:      layout_basic, serial_shops, nicolae_shop_hallway_plus,
          nicolae_hexahallways

Skill      XL: |  1  2  3  4  5  6 |
---------------+-------------------+-----
Axes           | 3 4 5 7 8 |  8.6
Fighting       | |  3.2
Armour         | |  3.6
Shields        | |  3.6
Invocations    | |  0.9

Action                   |  1- 3 |  4- 6 |  7- 9 || total
-------------------------+-------+-------+-------++-------
Melee: War axe           |    79 |    82 |    51 ||   212
Evoke: Wand              |       |       |     2 ||     2
  Use: Scroll            |       |     1 |       ||     1
Armor: Scale mail        |    19 |       |       ||    19
       Plate armour      |    40 |    45 |    36 ||   121
Dodge: Dodged            |    27 |    20 |     9 ||    56
Block: Buckler           |    23 |    14 |    19 ||    56

Table legend: (Time is in decaauts)
 A = Elapsed time spent in this place.
 B = Non-inter-level travel time spent in this place.
 C = Inter-level travel time spent in this place.
 D = Time resting spent in this place.
 E = Time spent auto-exploring this place.
 F = Levels seen in this place.
 G = Mean time per level.
                   A        B        C        D        E       F      G
               +--------+--------+--------+--------+--------+-----+--------+
         Total |   2299 |   2147 |    152 |      0 |   1613 |   6 |  383.2 |
       Dungeon |   2299 |   2147 |    152 |      0 |   1613 |   6 |  383.2 |
               +--------+--------+--------+--------+--------+-----+--------+

Top non-repeatable levels by time:
     D:5: 592 daAuts
     D:1: 510 daAuts
     D:3: 462 daAuts
     D:4: 401 daAuts
     D:2: 254 daAuts
     D:6: 79 daAuts
